 Dungeon Crawl Stone Soup version 0.28.0-62-gf88900778d (webtiles) character file.

Game seed: 2911836806135636181

5423 jjjjhere the Cleaver (level 10, -7/94 HPs)
             Began as a Hill Orc Arcane Marksman on Apr 8, 2023.
             Was an Initiate of Yredelemnul.
             Mangled by a brown ugly thing (9 damage)
             ... on level 8 of the Dungeon.
             The game lasted 00:13:28 (10109 turns).

jjjjhere the Cleaver (Hill Orc Arcane Marksman)    Turns: 10109, Time: 00:13:29

Health: -7/94      AC:  1    Str: 15 (18) XL:     10   Next: 67%
Magic:  0/11       EV: 11    Int: 10 (13) God:    Yredelemnul [......]
Gold:   1758       SH:  0    Dex: 14 (17) Spells: 10/11 levels left

rFire   . . .      SeeInvis .   s - +2 hand axe (vorpal)
rCold   . . .      Faith    .   (no shield)
rNeg    . . .      Spirit   +   y - +0 chain mail
rPois   .          Reflect  .   (no helmet)
rElec   .          Harm     .   (no cloak)
rCorr   .          Rampage  .   B - +0 pair of gloves
Will    .....                   w - +0 pair of boots
Stlth   ..........              o - amulet of guardian spirit
HPRegen 0.25/turn               d - +6 ring of dexterity
MPRegen 0.12/turn               i - +4 ring of evasion

@: corroded, on berserk cooldown, flying, slowed, very slow
A: no striking features
a: Renounce Religion, Recall Undead Harvest


You were on level 8 of the Dungeon.
You worshipped Yredelemnul.
Yredelemnul was noncommittal.
You visited 1 branch of the dungeon, and saw 8 of its levels.

You collected 1758 gold pieces.

Inventory:

Hand Weapons
 e - a +1 spear of venom
 s - a +2 vorpal hand axe (weapon)
Missiles
 b - 4 javelins (quivered)
 c - 3 throwing nets
 t - 4 atropa-tipped darts
 x - 5 curare-tipped darts
 K - 4 boomerangs
Armour
 a - a +0 robe
 q - a +0 ring mail
 w - a +0 pair of boots (worn)
 y - a +0 chain mail (worn)
 B - a +0 pair of gloves (worn)
Jewellery
 d - a +6 ring of dexterity (left hand)
 i - a +4 ring of evasion (right hand)
 o - an amulet of guardian spirit (around neck)
 p - a ring of resist corrosion
 A - a ring of wizardry
Wands
 v - a wand of polymorph (9)
 I - a wand of flame (12)
Scrolls
 j - a scroll of identify
 l - 2 scrolls of magic mapping {unknown}
 m - 2 scrolls of enchant weapon {unknown}
 n - 3 scrolls of fear {unknown}
 u - a scroll of torment
 C - a scroll of vulnerability
 D - a scroll of blinking {unknown}
 G - a scroll of brand weapon {unknown}
 H - 2 scrolls of amnesia
 L - a scroll of fog
Potions
 f - a potion of ambrosia {unknown}
 g - 4 potions of heal wounds
 h - a potion of degeneration
 r - 4 potions of curing
 E - a potion of berserk rage
 F - a potion of brilliance {unknown}
 J - a potion of attraction {unknown}


   Skills:
 + Level 10.8 Fighting
 - Level 14.0 Axes
 - Level 1.7 Throwing
 + Level 7.0 Armour
 - Level 1.5 Dodging
 - Level 1.0 Spellcasting
 - Level 3.0 Hexes


You had 10 spell levels left.
You knew the following spells:

 Your Spells              Type           Power      Damage    Failure   Level
a - Slow                  Hex            24%        N/A       83%         1

Your spell library contained the following spells:

 Spells                   Type           Power      Damage    Failure   Level
 Ensorcelled Hibernation  Hex/Ice        6%         N/A       99%         2
 Confusing Touch          Hex            6%         N/A       99%         3
 Passwall                 Tmut/Erth      0%         N/A       100%        2
 Sublimation of Blood     Necr           0%         N/A       100%        2
 Wereblood                Tmut           0%         N/A       100%        2
 Dazzling Flash           Conj/Hex       6%         N/A       100%        3
 Inner Flame              Hex/Fire       3%         N/A       100%        3
 Portal Projectile        Hex/Tloc       6%         N/A       100%        3
 Swiftness                Air            0%         N/A       100%        3
 Vampiric Draining        Necr           0%         2d6       100%        3
 Cause Fear               Hex            3%         N/A       100%        4
 Iskenderun's Mystic Bla  Conj/Tloc      0%         2d3       100%        4
 Starburst                Conj/Fire      0%         6d3       100%        6
 Summon Hydra             Summ           0%         N/A       100%        7


Dungeon Overview and Level Annotations

Branches:
Dungeon (8/15)             Temple (0/1) D:4
   Lair: D:8-11

Altars:
Yredelemnul

Shops:
D:8 :

Annotations:
D:7 4 runed translucent doors


Message History

You are splashed with acid!
You barely miss the brown ugly thing.
The brown ugly thing is severely wounded.
You hit the brown ugly thing but do no damage.
The brown ugly thing is severely wounded.
You barely miss the brown ugly thing.
The brown ugly thing is severely wounded.
The brown ugly thing closely misses you.
You slash the brown ugly thing!
The brown ugly thing is almost dead.
You hit the brown ugly thing.
The brown ugly thing is almost dead.
The brown ugly thing headbutts you.
You are splashed with acid!
You hit the brown ugly thing but do no damage.
You punch the brown ugly thing, but do no damage.
The brown ugly thing is almost dead.
You hit the brown ugly thing but do no damage.
The brown ugly thing is almost dead.
You completely miss the brown ugly thing.
The brown ugly thing is almost dead.
You are no longer berserk.
You are exhausted.
You feel yourself slow down. The brown ugly thing headbutts you!
* * * LOW HITPOINT WARNING * * *
You are splashed with acid!
* * * LOW HITPOINT WARNING * * *
You barely miss the brown ugly thing.
The brown ugly thing is almost dead.
The brown ugly thing headbutts you!
* * * LOW HITPOINT WARNING * * *
You are splashed with acid!
* * * LOW HITPOINT WARNING * * *
Okay, then.
Okay, then.
Okay, then.
You hit the brown ugly thing but do no damage.
The brown ugly thing is almost dead.
The brown ugly thing headbutts you!
You die...
Your body rises from the dead as a mindless zombie.

######### #...#...##
.........## ..........#
..........#
.......)..############ ###
........<>>..........#######..
#...#...#########............#
# ###......@.##....#.>.....#
#...[..u.##......#####.#
####..............# #.#
##########...........##.####.#
................#.....#....#..
######...#....................
## ###.###.......####......#
.. #.........#...# #####.##
###.######.###.....#.#.###
##.#.


You could see a brown ugly thing.

Vanquished Creatures
  An ugly thing (D:8)
  A meliai (D:8)
  4 yaks
  2 steam dragons
  2 water moccasins (D:8)
  2 black bears
  3 orc warriors
  2 sky beasts
  4 ogres
  4 centaurs
  5 bullfrogs
  A scorpion (D:5)
  A water moccasin zombie (D:5)
  4 killer bees
  8 wights
  3 howler monkeys
  A centaur zombie (D:3)
  3 gnoll shamans
  3 orc priests
  4 hounds
  An iguana (D:7)
  6 orc wizards
  8 gnolls
  5 adders
  A shadow imp (D:7)
  A white imp (D:6)
  An ufetubus (D:7)
  2 worms (D:2)
  4 dart slugs
  25 orcs
  3 bats
  8 endoplasms
  4 giant cockroaches
  7 goblins
  6 hobgoblins
  6 kobolds
  2 quokkas
  6 ball pythons
  2 frilled lizards (D:1)
  4 rats
160 creatures vanquished.

Vanquished Creatures (collateral kills)
  A yak (D:6)
  A black bear (D:7)
  An ogre (D:4)
  A necrophage (D:4)
  A water moccasin zombie (D:6)
  A wight (D:7)
  A howler monkey (D:7)
  A jelly (D:8)
  2 orc priests
  A howler monkey zombie (D:5)
  2 gnolls (D:7)
  2 adders (D:4)
  An ufetubus (D:7)
  2 orcs
  A ball python (D:4)
  A kobold (D:2)
20 creatures vanquished.

Vanquished Creatures (others)
  2 water moccasin zombies (D:8)
  A black bear zombie (D:6)
  3 killer bee zombies (D:7)
  An ogre zombie (D:4)
  A spectral jelly (D:8)
  A howler monkey zombie (D:7)
  7 gnoll zombies (D:7)
  2 giant cockroach zombies (D:3)
  A goblin zombie (D:3)
  A hobgoblin zombie (D:3)
  9 orc zombies
  A rat zombie (D:2)
  A spectral endoplasm (D:3)
  A spectral ufetubus (D:7)
32 creatures vanquished.

Grand Total: 212 creatures vanquished

Notes
Turn   | Place    | Note
-------+----------+-------------------------------------------
     0 | D:1      | jjjjhere the Hill Orc Arcane Marksman began the quest for
                  | the Orb.
     0 | D:1      | Reached XP level 1. HP: 16/16 MP: 2/2
   128 | D:1      | Reached XP level 2. HP: 21/25 MP: 3/3
   865 | D:2      | Reached XP level 3. HP: 31/31 MP: 4/4
  1014 | D:2      | Found a basalt altar of Yredelemnul.
  1030 | D:2      | Became a worshipper of Yredelemnul the Dark
  1483 | D:2      | Noticed an ogre
  1499 | D:2      | Killed an ogre
  1500 | D:2      | Reached skill level 5 in Fighting
  1500 | D:2      | Reached XP level 4. HP: 44/44 MP: 5/5
  1500 | D:2      | Reached XP level 5. HP: 50/50 MP: 6/6
  1798 | D:3      | Noticed a sky beast
  1814 | D:3      | Killed a sky beast
  1815 | D:3      | Reached XP level 6. HP: 28/58 MP: 7/7
  2208 | D:3      | Reached * piety under Yredelemnul
  2641 | D:3      | Reached skill level 1 in Axes
  2813 | D:4      | Reached skill level 2 in Axes
  2819 | D:4      | Reached skill level 3 in Axes
  2967 | D:4      | Found a staircase to the Ecumenical Temple.
  3073 | D:4      | Reached skill level 4 in Axes
  3073 | D:4      | Reached XP level 7. HP: 45/66 MP: 8/8
  3234 | D:4      | Reached skill level 5 in Axes
  3335 | D:4      | Reached skill level 6 in Axes
  3772 | D:4      | Reached ** piety under Yredelemnul
  3773 | D:4      | Reached skill level 7 in Axes
  3920 | D:5      | Entered Level 5 of the Dungeon
  4036 | D:5      | Reached skill level 8 in Axes
  4036 | D:5      | Reached XP level 8. HP: 31/73 MP: 9/9
  4873 | D:6      | Reached skill level 9 in Axes
  4997 | D:5      | HP: 24/73 [poisoned by a scorpion]
  5002 | D:5      | HP: 19/73 [poisoned by a scorpion]
  5458 | D:6      | Reached skill level 10 in Axes
  5702 | D:6      | Noticed a yak
  5703 | D:6      | Noticed a yak
  5710 | D:6      | Noticed a yak
  5717 | D:5      | HP: 24/73 [yak (7)]
  5727 | D:5      | HP: 13/73 [yak (10)]
  5810 | D:4      | HP: 23/73 [black bear (2)]
  5813 | D:4      | Reached skill level 11 in Axes
  6047 | D:5      | Killed a yak
  6229 | D:6      | Reached XP level 9. HP: 72/79 MP: 10/10
  6293 | D:6      | Reached skill level 12 in Axes
  6303 | D:6      | HP: 18/79 [steam dragon/ball of steam (10)]
  6309 | D:6      | HP: 11/79 [steam dragon (2)]
  6372 | D:6      | HP: 25/79 [howler monkey (1)]
  6809 | D:6      | Reached skill level 13 in Axes
  6826 | D:6      | Reached *** piety under Yredelemnul
  7096 | D:7      | Reached skill level 14 in Axes
  7098 | D:7      | Reached skill level 1 in Armour
  7102 | D:7      | Identified a scroll of acquirement
  7105 | D:7      | Acquired 1350 gold pieces
  7626 | D:7      | Identified the +0 ring mail of the Earth {+Inv Regen+}
  7787 | D:7      | Reached XP level 10. HP: 71/90 MP: 9/11
  8082 | D:7      | Found a huge runed translucent gate.
  8083 | D:7      | Found a huge runed translucent gate.
  8083 | D:7      | Noticed a manticore
  8084 | D:7      | Found a huge runed translucent gate.
  8084 | D:7      | Noticed a death yak
  8085 | D:7      | Found a huge runed translucent gate.
  8583 | D:8      | Reached skill level 5 in Armour
  9088 | D:8      | Reached skill level 10 in Fighting
  9444 | D:8      | Noticed a white ugly thing
  9456 | D:8      | Killed a white ugly thing
  9550 | D:8      | Noticed a brown ugly thing
  9792 | D:8      | Found Duovea's Book Emporium.
 10035 | D:8      | Noticed a death knight
 10035 | D:8      | Noticed a green ugly thing
 10107 | D:8      | HP: 25/94 [brown ugly thing (11)]
 10108 | D:8      | HP: 9/94 [brown ugly thing (6)]
 10108 | D:8      | HP: 2/94 [acid (7)]
 10109 | D:8      | Mangled by a brown ugly thing

Illustrated notes

Levels and vault maps discovered:
D:1:      dpeg_arrival_lava_temple_mockup, layout_loops_ring
D:2:      layout_loops_corners, basic_altar
D:3:      layout_rooms, st_stairs_10
D:4:      layout_basic, minmay_temple_entry_tees, ebering_dispersal_statue_hall,
          dk_noncrumbling_2, chequers_serial_rivers_marsh, chequers_mini_garden,
          cheibrodos_gnoll_hut
D:5:      layout_basic
D:6:      layout_cave_pools
D:7:      lemuel_bear_cage, layout_rooms, serial_rivers,
          chequers_serial_rivers_micro_a, chequers_serial_rivers_small_a,
          chequers_serial_rivers_micro_b, chequers_serial_rivers_small_a,
          chequers_serial_rivers_micro_c
D:8:      layout_rooms, serial_shops, shop, minmay_the_grid_2x2
          [minmay_the_grid_diamond_grid, minmay_the_grid_minigrid_small,
          minmay_the_grid_odd_star, minmay_the_grid_prize_shrinking_boxes]

Skill      XL: |  1  2  3  4  5  6  7  8  9 10 |
---------------+-------------------------------+-----
Fighting       | 2 3 5 6 7 8 10 | 10.8
Axes           | 4 8 11 14 | 14.0
Armour         | 3 7 |  7.0
Throwing       | |  1.7
Dodging        | |  1.5
Spellcasting   | |  1.0
Hexes          | |  3.0

Action                   |  1- 3 |  4- 6 |  7- 9 | 10-12 || total
-------------------------+-------+-------+-------+-------++-------
Melee: Spear             |    68 |   143 |    22 |       ||   233
       Hand axe          |       |       |   282 |   205 ||   487
       Punch             |       |       |     5 |     4 ||     9
Throw: Javelin           |     3 |     2 |       |       ||     5
Invok: Recall Undead Har |       |     1 |       |       ||     1
  Use: Scroll            |       |       |    10 |     2 ||    12
       Potion            |       |       |       |     3 ||     3
 Stab: Sleeping          |     6 |       |       |       ||     6
       Distracted        |       |     1 |     5 |     1 ||     7
Armor: Robe              |     2 |     6 |       |       ||     8
       Ring mail         |       |    34 |    27 |       ||    61
       Chain mail        |       |       |   122 |    46 ||   168
Dodge: Dodged            |    21 |    72 |   138 |    68 ||   299
